 Dungeon Crawl Stone Soup version 0.29-a0-923-g6e406bff71 (webtiles) character file.

Game seed: 8787578974715812154

3892 freelancePsychic the Skirmisher (level 10, -5/136 HPs)
             Began as a Meteoran Artificer on July 27, 2022.
             Was an Initiate of Gozag.
             Slain by a cane toad (15 damage)
             ... on level 1 of the Lair of Beasts.
             The game lasted 00:28:16 (4585 turns).

freelancePsychic the Skirmisher (MeAr)              Turns: 4585, Time: 00:28:17

Health: -5/136     AC: 25    Str: 22    XL:     10   Next: 70%
Magic:  11/11      EV:  2    Int: 12    God:    Gozag
Gold:   231        SH:  0    Dex: 18    Spells: 9/9 levels left

rFire   . . .      SeeInvis .   f - +0 shortbow
rCold   . . .      Faith    .   (shield currently unavailable)
rNeg    . . .      Spirit   .   (body armour currently unavailable)
rPois   +          Reflect  .   (helmet currently unavailable)
rElec   .          Harm     .   (cloak currently unavailable)
rCorr   .          Rampage  .   (gloves currently unavailable)
Will    +....      NoTele   +   (boots currently unavailable)
Stlth   +.........              (no amulet)
HPRegen 0.32/turn               n - +6 ring of strength
MPRegen 0.12/turn               (no ring)

@: lethally poisoned (-5 -> -12), tree-form, hasted, glowing, studying Long
Blades, invisible (but backlit and visible), very quick
A: stationary, stasis, torment immunity, boosted hp, sense surroundings 2,
otherworldly, glowing, explore regen
a: Renounce Religion, Potion Petition, Call Merchant, Bribe Branch


You were on level 1 of the Lair of Beasts.
You worshipped Gozag.
Gozag was aware of your devotion.
You were a tree.
You visited 2 branches of the dungeon, and saw 11 of its levels.
You also visited: Sewer.

You collected 1299 gold pieces.
You spent 560 gold pieces at shops.
You paid 508 gold pieces to Gozag.

Inventory:

Hand Weapons
 a - a +0 dagger of venom
 f - a +0 shortbow (weapon)
 s - a +0 club
Armour
 k - a +1 pair of boots (melded)
 l - a +0 pair of gloves
 q - a +0 leather armour (melded)
 r - an orb of guile
 w - a +0 scale mail
 C - a +0 pair of gloves (melded)
Jewellery
 n - a +6 ring of strength (left branch)
 y - a ring of fire
 D - a ring of ice
Scrolls
 g - 2 scrolls of torment
 t - 3 scrolls of vulnerability
 F - a scroll of enchant weapon
Potions
 b - a potion of invisibility
 h - 4 potions of attraction
 i - a potion of brilliance
 m - 2 potions of cancellation
 o - 3 potions of mutation
 p - a potion of lignification
 u - 3 potions of degeneration
 v - a potion of berserk rage {unknown}
 x - 2 potions of resistance {unknown}
 A - 2 potions of flight {unknown}
Miscellaneous
 e - a condenser vane (inert)


   Skills:
 + Level 9.2 Fighting
 * Level 12.3 Ranged Weapons
 - Level 2.4 Armour
 - Level 1.2 Dodging
 - Level 0.6 Stealth
 + Level 4.8 Evocations


You had 9 spell levels left.
You didn't know any spells.
Your spell library contained the following spells:

 Spells                   Type           Power      Damage    Failure   Level
 Dazzling Flash           Conj/Hex       0%         N/A       69%         3
 Agony                    Necr           0%         N/A       100%        5
 Silence                  Hex/Air        0%         N/A       100%        5


Dungeon Overview and Level Annotations

Branches:
Dungeon (10/15) Zot: 1559  Temple (0/1) D:6            Lair (1/5) D:8 Zot: 584
  Sewer (visited)
    Orc: D:9-12

Altars:
Ashenzari
Cheibriados
Dithmenos
Fedhas
Gozag
Hepliaklqana
Kikubaaqudgha
Qazlal
Sif Muna
Wu Jian
Xom
Yredelemnul

Shops:
D:10 *

Annotations:
D:5 2 transporters, gdog's ghost, weakling GnDe


Innate Abilities, Weirdness & Mutations

You are a tree.
Your roots penetrate the ground, keeping you stationary.
You cannot be teleported.
You are immune to unholy pain and torment.
Your maximum health is greatly increased.
Your equipment is partially melded.
You passively map the area around you.
You are easily found by Zot.
You glow in the dark.
You regain HP and MP as you explore.


Message History

Press: ? - help, Shift-Dir - straight line, f/p - cane toad
Aim: a cane toad (lightly wounded, 73% to hit)
You shoot an arrow.
The arrow hits the cane toad but does no damage.
The cane toad is lightly wounded.
You feel very sick. The cane toad stings you!!
* * * LOW HITPOINT WARNING * * *
Okay, then.
As you read the scroll of teleportation {@r4}, it crumbles to dust.
You feel strangely unstable.
* * * LOW HITPOINT WARNING * * *
You feel very sick.
It was a potion of invisibility.
You become transparent, but the glow from your body prevents you from becoming completely invisible.
* * * LOW HITPOINT WARNING * * *
You feel sick.
The cane toad stings you but does no damage.
* * * LOW HITPOINT WARNING * * *
You feel sick.
It was a potion of lignification.
You turn into a tree.
Your +0 pair of gloves melds into your body.
Your +1 pair of boots melds into your body.
Your +0 leather armour melds into your body.
Your roots penetrate the ground.
You feel strangely stable.
You feel sick. The cane toad completely misses you.
Fire: f) +0 shortbow
Press: ? - help, Shift-Dir - straight line, f/p - cane toad
Aim: a cane toad (lightly wounded, 73% to hit)
You shoot an arrow. The arrow hits the cane toad.
The cane toad is lightly wounded.
You feel sick.
Fire: f) +0 shortbow
Press: ? - help, Shift-Dir - straight line, f/p - cane toad
Aim: a cane toad (lightly wounded, 73% to hit)
You shoot an arrow. The arrow hits the cane toad!
The cane toad is moderately wounded.
You feel sick. The cane toad stings you!
You die...
Your body crumbles into a pile of gold.

, ###..###+.... , ,
, , #)............#
, * ,,
#<.......#....#* *
,,, #..............
,#........#.>..#
#.#........#....# ,,
...(.............# ,
..#..........#....##
* ,
...#......♣F#.....#
* * *
###..##..###......#
..................
,,
.........[.........*
, ,,
...................*
* * *
.###.#.P......... ..
..#......... .
...#.........
....P...####..


You could see a cane toad.

Vanquished Creatures
  2 vampires
  2 yaks (D:8)
  A steam dragon (D:8)
  An orc warrior (D:10)
  3 ice beasts
  2 black bears (D:8)
  2 ogres
  A centaur (D:8)
  3 kobold brigands
  2 bullfrogs
  2 necrophages
  A scorpion (D:5)
  2 wights (D:8)
  A killer bee (D:10)
  4 howler monkeys
  3 jellies
  An orc priest (D:7)
  2 hounds
  6 iguanas
  6 orc wizards
  7 adders
  4 gnolls
  A shadow imp (D:8)
  2 white imps (D:8)
  An ufetubus (D:7)
  6 dart slugs
  4 worms
  13 orcs
  6 ball pythons
  4 bats
  9 endoplasms
  3 giant cockroaches
  3 goblins
  6 hobgoblins
  3 jackals (D:4)
  4 quokkas
  5 frilled lizards (Sewer)
  6 kobolds
  5 rats
139 creatures vanquished.

Vanquished Creatures (collateral kills)
  A two-headed ogre (D:8)
  A bullfrog (D:8)
  2 killer bees (D:10)
  2 orc priests (D:8)
  An orc wizard (D:9)
  A gnoll (D:4)
  An orc (D:5)
  2 endoplasms
  A hobgoblin (D:3)
  A frilled lizard (D:3)
  A kobold (D:3)
  3 rats
17 creatures vanquished.

Vanquished Creatures (others)
  A troll (D:10)
  A hornet (D:8)
  A water moccasin (D:8)
  2 centaurs
  A wight (D:8)
  2 killer bees (D:10)
  A jelly (D:4)
  A gnoll (D:5)
  2 fungi (D:8)
  A plant (D:8)
13 creatures vanquished.

Grand Total: 169 creatures vanquished

Notes
Turn   | Place    | Note
-------+----------+-------------------------------------------
     0 | D:1      | freelancePsychic the Meteoran Artificer began the quest for
                  | the Orb.
     0 | D:1      | Reached XP level 1. HP: 16/16 MP: 2/2
    73 | D:1      | Reached XP level 2. HP: 23/23 MP: 3/3
   135 | D:1      | Found a faded altar of an unknown god.
   266 | D:2      | Reached XP level 3. HP: 20/29 MP: 4/4
   578 | D:3      | Reached XP level 4. HP: 37/37 MP: 5/5
   617 | D:3      | Reached skill level 1 in Ranged Weapons
   810 | D:3      | Found an opulent altar of Gozag.
   815 | D:3      | Became a worshipper of Gozag Ym Sagoz the Greedy
  1041 | D:3      | Noticed a phantom
  1098 | D:4      | Reached skill level 2 in Ranged Weapons
  1098 | D:4      | Reached XP level 5. HP: 32/45 MP: 6/6
  1264 | D:4      | Reached skill level 3 in Ranged Weapons
  1314 | D:4      | Reached XP level 6. HP: 49/51 MP: 7/7
  1493 | D:5      | Entered Level 5 of the Dungeon
  1559 | D:5      | Noticed a centaur
  1568 | D:5      | HP: 1/52 [centaur/arrow (9)]
  1578 | D:5      | Reached skill level 4 in Ranged Weapons
  1596 | D:5      | Noticed an ogre
  1604 | D:5      | Killed an ogre
  1605 | D:5      | Reached XP level 7. HP: 32/59 MP: 8/8
  1626 | D:5      | Reached skill level 5 in Ranged Weapons
  1801 | D:5      | Found a hazy altar of Hepliaklqana.
  1881 | D:5      | Noticed gdog's ghost (weakling GnDe)
  1887 | D:5      | Found a transporter.
  1908 | D:5      | Found a transporter.
  1987 | D:6      | Reached skill level 5 in Fighting
  1987 | D:6      | Reached skill level 6 in Ranged Weapons
  1987 | D:6      | Reached XP level 8. HP: 28/68 MP: 9/9
  1994 | D:6      | Found a glowing drain.
  2013 | Sewer    | Entered a sewer
  2150 | Sewer    | Found a viscous altar of Jiyva.
  2206 | D:6      | Found a staircase to the Ecumenical Temple.
  2249 | D:5      | Found an ancient bone altar of Kikubaaqudgha.
  2325 | D:6      | Reached skill level 7 in Ranged Weapons
  2737 | D:7      | Found a shimmering blue altar of Sif Muna.
  2870 | D:7      | Reached skill level 8 in Ranged Weapons
  2909 | D:7      | Gained mutation: You passively map the area around you.
                  | [Meteoran growth]
  2909 | D:7      | Reached XP level 9. HP: 69/75 MP: 10/10
  3065 | D:8      | Found a staircase to the Lair.
  3105 | D:8      | Noticed a two-headed ogre
  3124 | D:8      | Killed a two-headed ogre
  3125 | D:8      | Reached skill level 9 in Ranged Weapons
  3128 | D:8      | Noticed a hornet
  3139 | D:8      | Reached skill level 10 in Ranged Weapons
  3206 | D:8      | Found a basalt altar of Yredelemnul.
  3222 | D:8      | Found a shadowy altar of Dithmenos.
  3273 | D:8      | Found a shimmering altar of Xom.
  3321 | D:8      | Found an ornate altar of the Wu Jian Council.
  3407 | D:8      | Reached XP level 10. HP: 52/83 MP: 11/11
  3422 | D:8      | Reached skill level 11 in Ranged Weapons
  3715 | D:9      | Found a broken altar of Ashenzari.
  3717 | D:9      | Found a stormy altar of Qazlal.
  3717 | D:9      | Found a snail-covered altar of Cheibriados.
  3955 | D:9      | Reached skill level 12 in Ranged Weapons
  4119 | D:10     | Entered Level 10 of the Dungeon
  4207 | D:10     | Found Ycroisto's Demolitions Depot.
  4223 | D:10     | Bought a condenser vane for 560 gold pieces
  4341 | D:10     | Found a blossoming altar of Fedhas.
  4448 | D:10     | Noticed a gargoyle
  4567 | Lair:1   | Entered Level 1 of the Lair of Beasts
  4574 | Lair:1   | Noticed a cane toad
  4585 | Lair:1   | Slain by a cane toad

Illustrated notes

Levels and vault maps discovered:
D:1:      lightli_arrival_maybe_door_vault, layout_rooms,
          hellmonk_ecumenical_altar_crossroads
D:2:      layout_loops_cross
D:3:      layout_basic, nicolae_gozag_seed_capital, makhleb_altar_promises_db,
          kennysheep_generic_room_16
D:4:      layout_basic, nicolae_ru_path_of_blood
D:5:      layout_gridville, mainiacjoe_overflow_six_doors_small,
          mainiacjoe_overflow_small_starburst, gammafunk_ghost_mausoleum
D:6:      layout_cave_pods, minmay_temple_entry_statues_pillars,
          cheibrodos_sewer_entry_drain
D:7:      layout_loops_corners, lemuel_coloured_pillars_altar
D:8:      minmay_four_partial_circles, layout_basic,
          mainiacjoe_overflow_brackets, mainiacjoe_overflow_catwalk,
          marbit_many_paths, lemuel_crystal_altar, dpeg_oklobed_lair,
          uniq_joseph
D:9:      layout_long_grid, nicolae_overflow_quartered_altars, dk_noncrumbling_3
D:10:     layout_loops_ring, okawaru_altar_gauntlet_db, fedhas_altar_3,
          serial_bayou_pond_e, nicolae_blasting_shop, nicolae_titane
Lair:1:   layout_chaotic_city, dreamdust_gnoll_shepherd

Skill      XL: |  1  2  3  4  5  6  7  8  9 10 |
---------------+-------------------------------+-----
Evocations     | 4 |  4.8
Fighting       | 2 3 4 5 6 7 9 |  9.2
Ranged Weapons | 2 3 4 6 8 10 12 | 12.3
Armour         | |  2.4
Dodging        | |  1.2
Stealth        | |  0.6

Action                   |  1- 3 |  4- 6 |  7- 9 | 10-12 || total
-------------------------+-------+-------+-------+-------++-------
Melee: Club              |    67 |       |       |       ||    67
       Punch             |     2 |       |       |       ||     2
       Dagger            |     3 |    15 |    10 |       ||    28
       Shortbow          |       |       |       |     1 ||     1
 Fire: Sling             |    28 |   136 |       |       ||   164
       Shortbow          |       |       |   227 |   177 ||   404
Invok: Potion Petition   |       |       |     1 |       ||     1
Evoke: Wand              |     7 |    10 |    19 |    11 ||    47
       Condenser vane    |       |       |       |     1 ||     1
  Use: Scroll            |     4 |     6 |     5 |     5 ||    20
       Potion            |       |     4 |     2 |     6 ||    12
 Stab: Sleeping          |     1 |       |       |       ||     1
Armor: Leather armour    |    39 |    46 |    44 |    48 ||   177
Dodge: Dodged            |    44 |    80 |    82 |    37 ||   243

Table legend: (Time is in decaauts)
 A = Elapsed time spent in this place.
 B = Non-inter-level travel time spent in this place.
 C = Inter-level travel time spent in this place.
 D = Time resting spent in this place.
 E = Time spent auto-exploring this place.
 F = Levels seen in this place.
 G = Mean time per level.
                   A        B        C        D        E       F      G
               +--------+--------+--------+--------+--------+-----+--------+
         Total |   4672 |   4355 |    317 |      0 |    135 |  12 |  389.3 |
       Dungeon |   4440 |   4124 |    316 |      0 |    135 |  10 |  444.0 |
          Lair |     14 |     14 |      0 |      0 |      0 |   1 |   14.0 |
         Sewer |    217 |    217 |      0 |      0 |      0 |   1 |  217.0 |
               +--------+--------+--------+--------+--------+-----+--------+

Top non-repeatable levels by time:
     D:8: 631 daAuts
     D:7: 589 daAuts
     D:3: 545 daAuts
     D:5: 490 daAuts
     D:9: 441 daAuts
     D:4: 432 daAuts
    D:10: 393 daAuts
     D:2: 352 daAuts
     D:6: 332 daAuts
     D:1: 230 daAuts
   Sewer: 217 daAuts
  Lair:1: 14 daAuts
